Map: Cyber Forest LE

Players

Neeblet (Neeb) - Winner!

  • Race: Protoss Protoss
  • League: Grandmaster
  • Spawn Location: 5:00

liquidthermy (uThermal)

  • Race: Terran Terran
  • League: Grandmaster
  • Spawn Location: 11:00

Event: 2019 Assembly Summer

VOD

Have the link to the VOD?

Description

Time

  • Played on: Aug. 1, 2019, 12:30 p.m.
  • Length: 16:18

All games in this series

Show
View Real Time Build Order
Export as new Build Order

Neeblet Protoss - Winner!

Build Orders: 1 Gate Expand, Oracle Opening, Phoenix Opening 

Get SALT Encoding   

  12  0:00  Probe  
  13  0:12  Probe  
  14  0:17  Pylon  
  14  0:23  Probe  
  15  0:31  Probe  
  16  0:36  Gateway  
  16  0:39  Probe  
  16  0:47  Assimilator  
  17  0:51  Probe  
  18  1:03  Probe  
  19  1:15  Probe  
  20  1:22  Nexus  
  20  1:34  Cybernetics Core  
  20  1:35  Probe  
  21  1:40  Assimilator  
  21  1:44  Probe  
  21  1:51  Pylon  
  21  1:53  Probe  
  21  2:00  Adept  
  22  2:01  Probe  
  23  2:13  Probe  
  26  2:22  Stargate  
  26  2:25  Probe  
  27  2:34  Probe  
  27  2:35  Adept  
  28  2:37  Probe  
  28  2:43  Probe  
  28  2:44  Warp Gate  
  30  2:49  Probe  
  32  2:52  Probe  
  33  3:01  Probe  
  33  3:04  Probe  
  33  3:05  Oracle  
  40  3:14  Probe  
  40  3:16  Probe  
  42  3:26  Probe  
  43  3:29  Probe  
  43  3:33  Pylon  
  44  3:36  Phoenix  
  44  3:38  Probe  
  44  3:39  Gateway  
  44  3:40  Gateway  
  44  3:41  Probe  
  46  3:51  Probe  
  46  3:53  Probe, Pylon  
  48  4:00  Phoenix  
  50  4:03  Probe  
  50  4:05  Probe  
  52  4:15  Nexus, Probe  
  53  4:20  Probe, Pylon  
  53  4:21  Phoenix  
  54  4:26  Assimilator  
  54  4:29  Assimilator  
  54  4:30  Probe  
  57  4:35  Probe  
  58  4:39  Sentry, Stalker  
  58  4:41  Stalker  
  58  4:43  Probe  
  65  4:47  Probe  
  65  4:52  Forge  
  66  4:55  Twilight Council  
  66  4:56  Probe  
  66  4:57  Blink  
  66  4:59  Probe  
  68  5:06  Pylon  
  68  5:08  Probe  
  68  5:11  Probe  
  70  5:15  Pylon  
  70  5:23  Gateway  
  70  5:24  Probe x2  
  70  5:25  Gateway, Sentry  
  74  5:30  Probe  
  74  5:33  Protoss Ground Weapons Level 1  
  75  5:36  Probe  
  75  5:37  Probe  
  75  5:40  Sentry  
  79  5:43  Probe  
  79  5:44  Gateway  
  79  5:46  Gateway  
  79  5:48  Probe  
  79  5:49  Probe  
  82  5:55  Probe  
  82  5:57  Pylon  
  83  6:00  Pylon  
  83  6:04  Stalker x3  
  89  6:15  Shield Battery x2, Pylon  
  89  6:22  Stalker x2  
  93  6:29  Pylon  
  93  6:30  Pylon  
  93  6:31  Robotics Facility  
  93  6:32  Pylon  
  93  6:37  Stalker x2  
  97  6:41  Stalker  
  99  6:47  Gateway  
  99  6:48  Charge  
  99  6:50  Stalker  
  99  6:51  Stalker  
  103  7:05  Stalker x3  
  103  7:08  Protoss Ground Armor Level 1  
  105  7:16  Stalker x2  
  98  7:29  Stalker x2  
  86  7:30  Stalker  
  86  7:33  Assimilator x2  
  86  7:34  Zealot  
  86  7:35  Zealot  
  92  7:37  Immortal  
  92  7:38  Probe x3  
  92  7:43  Pylon  
  97  7:47  Sentry  
  97  7:50  Zealot x2, Probe x3  
  106  8:04  Nexus  
  106  8:08  Probe x2  
  106  8:10  Probe  
  109  8:14  Templar Archives  
  109  8:15  Zealot x2  
  109  8:16  Zealot x6  
  126  8:20  Observer  
  126  8:22  Pylon  
  126  8:25  Probe  
  126  8:26  Probe  
  128  8:33  Forge  
  128  8:34  Pylon  
  128  8:45  Psionic Storm  
  128  8:46  Zealot x6, Stalker x2  
  144  8:49  Pylon  
  144  9:00  Warp Prism  
  146  9:03  Probe x3  
  146  9:07  High Templar x3  
  146  9:08  High Templar  
  157  9:12  Protoss Ground Armor Level 2, Assimilator  
  157  9:15  Probe, Protoss Ground Weapons Level 2  
  157  9:16  Assimilator  
  156  9:31  Probe  
  157  9:34  Zealot x4  
  165  9:40  Gateway  
  165  9:42  Gateway  
  151  10:02  High Templar x2  
  151  10:03  High Templar x2, Zealot x3  
  151  10:04  Zealot, Immortal  
  167  10:10  Archon  
  171  10:15  Nexus  
  171  10:18  Photon Cannon  
  171  10:20  Pylon  
  171  10:23  Robotics Bay  
  171  10:24  Observer  
  171  10:25  Robotics Facility  
  171  10:31  Stalker x4  
  177  10:42  Nexus  
  177  10:45  Pylon  
  177  11:04  Zealot x10  
  179  11:09  Assimilator  
  197  11:13  Assimilator  
  197  11:18  Photon Cannon  
  197  11:22  Photon Cannon  
  197  11:25  Photon Cannon  
  197  11:26  Shield Battery  
  195  11:37  Shield Battery  
  195  11:41  Shield Battery  
  195  11:43  Extended Thermal Lance  
  195  11:45  Colossus  
  148  11:51  Colossus  
  119  11:57  Stalker  
  119  11:58  Zealot x5, Stalker x3  
  136  12:11  Zealot  
  128  12:18  Protoss Ground Armor Level 3  
  128  12:19  Probe x4  
  128  12:20  Protoss Ground Weapons Level 3  
  130  12:23  High Templar x5  
  130  12:25  High Templar x2, Nexus  
  144  12:30  Archon x2  
  144  12:31  Probe x2  
  144  12:32  High Templar  
  144  12:34  Probe x2  
  150  12:38  Colossus  
  156  12:44  Probe  
  156  12:45  Probe  
  158  12:52  Zealot  
  158  12:56  High Templar x2  
  158  12:57  High Templar x2, Zealot x2  
  172  13:01  Archon  
  170  13:12  Immortal  
  170  13:19  Stalker x5  
  178  13:20  Zealot  
  184  13:43  High Templar x2  
  184  13:44  High Templar x2  
  192  13:49  High Templar x2, Archon x2  
  192  13:53  Archon  
  196  14:04  Immortal  
  196  14:09  Dark Shrine  
  197  14:18  High Templar  
  197  14:19  High Templar, Zealot, Assimilator  
  197  14:20  Nexus  
  194  14:43  Archon  
  194  14:52  Pylon  
  170  14:55  Pylon  
  170  14:57  Pylon  
  157  15:03  Pylon  
  157  15:04  Zealot x2, High Templar x4  
  157  15:06  Observer  
  168  15:08  Immortal  
  168  15:10  Archon  
  168  15:12  Archon  
  168  15:14  Pylon x3  
  168  15:16  Zealot x4  
  180  15:22  Immortal  
  180  15:28  Dark Templar x2  
  180  15:35  Assimilator  
  184  15:40  Assimilator  
  176  15:51  Nexus  
  176  15:53  High Templar x4  
  184  16:02  Archon x2  
  184  16:03  Dark Templar  
  184  16:04  Zealot x5  
Show
View Real Time Build Order
Export as new Build Order

liquidthermy Terran 

Build Orders: Reaper Expand 

Get SALT Encoding   

  12  0:01  SCV  
  13  0:14  SCV  
  14  0:17  Supply Depot  
  14  0:26  SCV  
  15  0:39  SCV  
  15  0:40  Barracks  
  16  0:44  Refinery  
  16  0:51  SCV  
  17  1:03  SCV  
  18  1:15  SCV  
  19  1:28  Reaper, Orbital Command  
  20  1:42  Command Center  
  20  1:51  Supply Depot  
  20  1:54  SCV  
  20  2:00  Marine  
  22  2:06  SCV  
  23  2:11  Factory  
  23  2:18  SCV  
  23  2:20  Refinery  
  23  2:21  Barracks Reactor  
  24  2:30  SCV  
  24  2:44  SCV  
  25  2:54  Bunker, Widow Mine  
  25  2:56  Orbital Command  
  25  2:58  Marine x2  
  29  3:01  Starport  
  29  3:05  SCV  
  30  3:15  Marine  
  30  3:16  Marine  
  30  3:17  SCV  
  32  3:20  Factory Tech Lab  
  32  3:22  SCV  
  33  3:29  SCV  
  34  3:34  SCV  
  34  3:38  Cyclone  
  34  3:41  Viking, SCV  
  40  3:44  Marine  
  40  3:45  Marine  
  43  3:50  Supply Depot  
  43  3:52  SCV  
  43  3:53  SCV  
  44  4:03  Barracks  
  44  4:04  SCV  
  44  4:05  SCV  
  44  4:09  Barracks  
  46  4:12  Starport Tech Lab  
  46  4:16  Marine  
  46  4:17  Marine  
  47  4:18  SCV  
  47  4:19  SCV  
  47  4:23  Supply Depot  
  50  4:30  SCV  
  50  4:31  Engineering Bay, SCV  
  52  4:36  Refinery  
  52  4:39  Marine x2  
  52  4:45  SCV x2  
  56  4:46  Supply Depot  
  56  4:49  Starport Reactor  
  56  4:57  SCV x2, Terran Infantry Weapons Level 1  
  56  4:58  Stimpack, Marine  
  56  4:59  Marine x2  
  61  5:06  Factory Tech Lab  
  61  5:07  Marine  
  61  5:09  SCV x2  
  61  5:10  Supply Depot  
  64  5:16  Marine  
  64  5:21  SCV  
  64  5:23  Combat Shield  
  64  5:25  Supply Depot, Siege Tank  
  64  5:26  SCV  
  69  5:32  Supply Depot  
  69  5:33  SCV  
  69  5:35  Marine x4  
  74  5:42  Supply Depot, Medivac  
  74  5:45  Medivac  
  78  5:51  Supply Depot  
  78  5:52  Marine  
  78  5:56  Marine x2  
  78  5:57  Siege Tank  
  84  5:58  Marine  
  85  6:08  Supply Depot  
  85  6:10  Marine  
  86  6:13  Marine  
  86  6:15  Medivac x2  
  86  6:16  Marine x2  
  93  6:28  Marine  
  93  6:30  Supply Depot  
  93  6:31  Marine  
  93  6:32  Siege Tank  
  98  6:33  Marine  
  98  6:38  Command Center  
  99  6:43  Marine  
  100  6:50  Marine x2  
  100  6:51  Barracks x2  
  100  6:52  Marine, Refinery  
  103  6:56  Terran Infantry Armor Level 1  
  103  6:58  SCV  
  103  7:00  SCV  
  96  7:09  Marine  
  96  7:12  Marine x2, Siege Tank  
  96  7:14  Marine  
  99  7:20  SCV  
  90  7:27  Marine  
  90  7:29  Marine  
  81  7:30  Marine  
  81  7:31  Marine, SCV  
  81  7:33  SCV  
  86  7:39  Barracks Reactor x2  
  86  7:43  SCV  
  86  7:44  Missile Turret, Siege Tank  
  90  7:45  Marine, Missile Turret, SCV  
  90  7:47  Marine  
  93  7:53  Marauder x2  
  93  7:55  SCV  
  93  7:57  SCV  
  99  8:03  Marine  
  99  8:05  Marine  
  100  8:07  SCV  
  100  8:09  Orbital Command  
  102  8:14  Armory, SCV  
  102  8:16  Marine x2, Siege Tank  
  102  8:18  Marine  
  102  8:19  Marine  
  110  8:21  Marine  
  110  8:24  Marine, SCV  
  113  8:29  SCV  
  114  8:35  Factory, SCV  
  114  8:36  Refinery, SCV  
  114  8:37  Factory, Marine x2  
  114  8:38  Marine  
  114  8:39  Refinery  
  114  8:41  Supply Depot  
  119  8:43  Marine, SCV  
  119  8:45  Marine  
  119  8:46  Marine  
  119  8:47  SCV  
  124  8:49  SCV  
  124  8:50  Supply Depot, Marine  
  124  8:55  Missile Turret  
  125  8:59  SCV  
  125  9:00  Marine x2  
  125  9:02  Siege Tank  
  130  9:03  Missile Turret  
  130  9:04  Missile Turret  
  130  9:05  Terran Infantry Weapons Level 2  
  130  9:13  Terran Vehicle Weapons Level 1, SCV  
  130  9:14  Marine, SCV  
  130  9:15  Marine x2  
  135  9:17  Marine  
  135  9:20  Marine, Factory Tech Lab x2  
  135  9:23  Marine  
  137  9:24  Marine  
  137  9:25  Marine  
  137  9:27  Medivac x2  
  143  9:34  Marine  
  143  9:35  Supply Depot, Marine, Siege Tank  
  148  9:42  Siege Tank x2  
  148  9:44  Marine  
  150  9:53  Marine  
  150  9:57  Marine x2  
  153  10:02  Supply Depot, Marine x5  
  153  10:04  Sensor Tower  
  153  10:07  Siege Tank  
  161  10:08  Medivac x2  
  161  10:12  Supply Depot  
  165  10:15  Supply Depot  
  165  10:24  Marine x2, Siege Tank x2  
  173  10:33  Supply Depot, Marine x3  
  175  10:38  Marine x2  
  175  10:40  Siege Tank  
  175  10:42  Marine  
  178  10:43  Marine  
  178  10:44  Marine  
  178  10:47  Supply Depot  
  180  10:50  Medivac  
  180  10:51  Marine x2  
  180  10:52  Medivac  
  189  10:57  Siege Tank  
  189  11:00  Siege Tank  
  189  11:01  Marine  
  189  11:02  Marine  
  194  11:07  Marine x2  
  194  11:08  Marine x2  
  194  11:10  Marine  
  199  11:13  Supply Depot, Marine  
  199  11:19  Marine  
  199  11:37  Marine  
  200  11:46  Command Center  
  172  11:49  Marine  
  172  11:51  Marine x2, Siege Tank  
  151  11:54  Marine, Siege Tank  
  151  11:55  Marine x2, Siege Tank  
  151  11:57  Marine  
  151  11:58  Marine  
  155  12:07  Marine  
  153  12:13  Marine x4  
  153  12:14  Marine  
  147  12:16  Marine  
  147  12:17  Marine  
  147  12:20  Terran Infantry Armor Level 2  
  145  12:23  Siege Tank  
  145  12:25  Marine  
  145  12:26  Siege Tank  
  145  12:27  Siege Tank  
  154  12:31  Marine x4  
  154  12:34  Marine  
  159  12:39  Marine x2  
  159  12:40  Medivac x2  
  162  12:51  Marine  
  162  12:52  Marine  
  162  12:53  Marine x2  
  162  12:54  Marine x2  
  162  12:56  Siege Tank  
  171  12:58  Siege Tank  
  171  13:00  Planetary Fortress  
  174  13:05  Siege Tank  
  174  13:08  Marine  
  174  13:09  Marine  
  174  13:10  Marine  
  179  13:15  Marine  
  180  13:28  Marine, Siege Tank  
  180  13:30  Siege Tank  
  180  13:33  Marine  
  188  13:38  Siege Tank  
  188  13:39  Marine x3  
  194  13:41  Marine  
  194  13:46  Marine  
  196  13:50  Marine  
  197  14:00  Siege Tank  
  198  14:04  Marine  
  198  14:05  Siege Tank  
  193  14:10  Marine  
  193  14:11  Marine, Siege Tank  
  188  14:31  Supply Depot  
  166  14:49  Orbital Command  
  166  14:52  Marine x3, Siege Tank  
  158  14:53  Marine x3  
  153  15:00  Marine  
  153  15:04  Marine  
  155  15:30  Marine  
  152  15:39  Orbital Command  
Tags
 
Add a new tag
Caveats
  • Supply blocks, unpowered buildings, or Contaminate may cause inaccurate times.
  • Supply counts are checked every 10 seconds.